 Dungeon Crawl Stone Soup version 0.19.5 (webtiles) character file.

79548 MenacingMecha the Impaler (level 15, -11/120 HPs)
             Began as a Merfolk Gladiator on May 2, 2017.
             Was the Champion of Okawaru.
             Mangled by an orc knight
             ... wielding a +0 battleaxe
              (12 damage)
             ... while paralysed by an orc sorcerer
             ... on level 12 of the Dungeon on May 4, 2017.
             The game lasted 02:37:05 (33121 turns).

MenacingMecha the Impaler (Merfolk Gladiator)      Turns: 33121, Time: 02:37:05

Health: -11/120    AC: 18    Str: 18    XL:     15   Next: 64%
Magic:  21/21      EV:  2    Int: 13    God:    Okawaru [******]
Gold:   2382       SH:  0    Dex: 17    Spells: 3 memorised, 15 levels left

rFire  . . .     SeeInvis +     a - +6 glaive (freeze)
rCold  . . .     Gourm    .     r - +2 scale mail "Nuorei" {SInv}
rNeg   + . .     Faith    .     (shield currently unavailable)
rPois  +         Spirit   .     p - +2 helmet
rElec  +         Reflect  +     q - +2 ratskin cloak {rPois rN+ Int-1 Dex-1}
rCorr  .         Harm     .     X - +0 pair of gloves
MR     +....                    w - +1 pair of boots
Stlth  ++........               R - +6 amulet of reflection
                                u - ring of wizardry
                                O - +6 ring of intelligence

@: paralysed, repel missiles, drained
A: change form in water, swift swim, stealthy swim, electricity resistance,
MP-powered wands
a: Heroism, Finesse, Renounce Religion


You were on level 12 of the Dungeon.
You worshipped Okawaru.
Okawaru was exalted by your worship.
You were not hungry.

You visited 4 branches of the dungeon, and saw 21 of its levels.
You also visited: Labyrinth and Ossuary.

You collected 2382 gold pieces.

Inventory:

Hand Weapons
 a - a +6 glaive of freezing (weapon)
 b - a +4 blowgun
 x - a +1 trident of flaming
Missiles
 d - 2 throwing nets
 g - 7 silver javelins
 k - 38 tomahawks (quivered)
 J - 2 curare-tipped needles
 T - 3 javelins
Armour
 p - a +2 helmet (worn)
 q - the +2 ratskin cloak (worn) {rPois rN+ Int-1 Dex-1}
   (You acquired it on level 11 of the Dungeon)

   It affects your intelligence (-1).
   It affects your dexterity (-1).
   It protects you from poison.
   It protects you from negative energy.
 r - the +2 scale mail "Nuorei" (worn) {SInv}
   (You found it on level 3 of the Lair of Beasts)

   It lets you see invisible.
 w - a +1 pair of boots (worn)
 X - a +0 pair of gloves (worn)
Jewellery
 u - a ring of wizardry (right hand)
 z - an uncursed ring of protection from magic
 G - an uncursed ring of ice
 N - an uncursed amulet of regeneration
 O - a +6 ring of intelligence (left hand)
 Q - an uncursed ring of ice
 R - a +6 amulet of reflection (around neck)
 W - an uncursed ring of flight
Wands
 h - a wand of flame (22/48)
 n - a wand of disintegration (19/24)
 B - a wand of lightning (9/15)
 C - a wand of disintegration (8/24)
 D - a wand of lightning (7/15)
 K - a wand of digging (2/24)
 P - a wand of lightning (5/15)
 Y - a wand of flame (13/48)
 Z - a wand of acid (1/15)
Scrolls
 i - 6 scrolls of identify
 l - 3 scrolls of noise
 m - 6 scrolls of remove curse
 t - 6 scrolls of teleportation
 v - a scroll of blinking
 A - 2 scrolls of magic mapping
Potions
 e - a potion of resistance
 j - 4 potions of curing
 o - a potion of cancellation
 F - a potion of heal wounds
 H - 4 potions of might
 L - a potion of lignification
 U - 2 potions of agility
Miscellaneous
 V - a sack of spiders
Comestibles
 f - 11 bread rations


   Skills:
 + Level 11.8(11.5) Fighting
 - Level 20.0(19.6) Polearms
 - Level 7.0(6.6) Throwing
 - Level 3.0(2.7) Armour
 - Level 13.0(12.6) Dodging
 - Level 6.2(5.9) Stealth
 - Level 3.0(2.7) Spellcasting
 - Level 7.4(7.1) Charms
 - Level 6.0(5.7) Translocations
 - Level 2.7(2.5) Air Magic
 - Level 7.5(7.1) Invocations
 - Level 8.0(7.7) Evocations


You had 15 spell levels left.
You knew the following spells:

 Your Spells              Type           Power        Failure   Level  Hunger
a - Blink                 Tloc           N/A          6%          2    ###....
b - Repel Missiles        Chrm/Air       ##....       7%          2    ###....
c - Confusing Touch       Hex            #.....       45%         1    #......


Dungeon Overview and Level Annotations

Branches:
Dungeon (12/15)            Temple (1/1) D:7            Lair (6/6) D:9
  Swamp (0/4) Lair:4       Spider (0/4) Lair:2        Slime (0/5) Lair:5
    Orc (2/2) D:10            Elf (0/3) Orc:2

Altars:
Ashenzari
Cheibriados
Dithmenos
Elyvilon
Fedhas
Gozag
Hepliaklqana
Kikubaaqudgha
Makhleb
Nemelex Xobeh
Okawaru
Qazlal
Ru
Sif Muna
Trog
Uskayaw
Vehumet
Xom
Yredelemnul
Zin
The Shining One
Beogh
Jiyva

Shops:
Orc:2 !([!

Portals:
Hell: Lair:6

Annotations:
Lair:2 stash


Innate Abilities, Weirdness & Mutations

You revert to your normal form in water.
You are very nimble and swift while swimming.
You are very stealthy in the water. (Stealth+)
You are resistant to electric shocks. (rElec)
You expend magic power (3 MP) to strengthen your wands.


Message History

The magic dart hits you!
The orc knight hits you with a battleaxe!
* * * LOW HITPOINT WARNING * * *
The orc priest miscasts a cantrip.
The orc sorcerer hits you with an enchanted dagger.
* * * LOW HITPOINT WARNING * * *
The troll bites you but does no damage.
The troll claws you but does no damage. x2
The orc knight hits you but does no damage.
The troll bites you but does no damage.
The troll claws you but does no damage. x2
The orc sorcerer hits you but does no damage.
The orc wizard gestures wildly while chanting.
The orc wizard blinks!
The troll bites you!
* * * LOW HITPOINT WARNING * * *
The troll claws you but does no damage. The troll claws you!
* * * LOW HITPOINT WARNING * * *
The orc sorcerer casts a spell at you. The bolt of fire hits you!
* * * LOW HITPOINT WARNING * * *
The orc knight hits you with a battleaxe!
You die...

### ### #≈≈ ≈≈# ##### #≈# #≈#
..... #≈#######§# .. .....
#≈≈#..T#§≈#####......... .
#≈≈#[oo@§.........######
...#####≈≈#..o#≈≈........#.....
........≈#######≈........#.....
........≈##≈≈≈##≈........#.....
.....(..≈≈≈≈≈≈≈≈≈........#.....
....(............o.......######
.$.(...........................
.(....############'#...........
......#............#...........


You could see an orc knight, a troll, an orc sorcerer, an orc priest and an orc
wizard.

Vanquished Creatures
  4 orc warlords
  The ghost of MenacingMecha the Fencer, a journeyman HaBe of Trog (Orc:2)
  Nessos (Lair:5)
  A minotaur (Lab)
  Fannar (D:10)
  7 hydras
  A death knight (D:11)
  4 death yaks
  2 orc high priests
  A deep elf knight (Orc:1)
  Nergalle (D:10)
  A sixfirhy (Lair:6)
  2 unseen horrors
  A wizard (Lair:6)
  Pikel (D:4)
  4 orc knights
  2 hill giants (D:10)
  6 deep elf magi (Orc:1)
  4 orc sorcerers
  A cyclops (D:12)
  6 elephants
  Joseph (D:8)
  A centaur zombie (D:11)
  A torpor snail (Lair:5)
  5 spiny frogs
  Maurice (D:10)
  2 black mambas
  A smoke demon (Lair:6)
  An orange demon (Lair:6)
  5 rime drakes
  8 komodo dragons
  7 ice devils (Lair:6)
  A tengu conjurer (D:11)
  A red devil (Lair:6)
  A hellwing (Lair:6)
  7 trolls
  2 jumping spiders (Lair:2)
  A polar bear (Lair:2)
  3 two-headed ogres
  19 blink frogs
  A hornet (D:10)
  22 dream sheep
  5 slime creatures (D:12)
  14 hippogriffs
  A shadow (D:12)
  6 redbacks
  2 spriggans
  16 yaks
  A wraith (D:10)
  2 basilisks
  3 hungry ghosts
  Menkaure (D:7)
  21 wargs
  A soldier ant (D:11)
  3 swamp worms (Lair:4)
  11 water moccasins
  6 porcupines
  4 sky beasts
  A slave (D:5)
  3 black bears
  5 phantoms
  8 ice beasts
  2 necrophages
  41 orc warriors
  12 ogres
  4 centaurs
  21 crocodiles
  18 wolves
  15 bullfrogs
  A big kobold (D:7)
  A wyvern zombie (D:10)
  2 water moccasin zombies (Ossuary)
  2 scorpions
  9 killer bees
  15 wights
  6 electric eels
  7 howler monkeys
  4 crimson imps
  2 bullfrog zombies
  8 hounds
  Crazy Yiuf (D:6)
  20 orc priests
  4 bullfrog skeletons
  26 orc wizards
  2 centaur skeletons
  10 worker ants
  An iguana (D:4)
  2 big kobold zombies (Ossuary)
  2 hound skeletons
  2 mummies (Ossuary)
  A worker ant zombie (D:9)
  7 gnolls
  10 adders
  2 shadow imps
  2 oozes
  An adder skeleton (D:10)
  2 adder zombies (Ossuary)
  2 worms
  3 dart slugs
  3 leopard geckos
  123 orcs
  A ball python (D:1)
  2 gnoll zombies (Ossuary)
  9 goblins
  4 hobgoblins
  10 jackals
  12 kobolds
  6 quokkas
  7 bats
  4 frilled lizards
  A giant cockroach zombie (D:5)
  7 hobgoblin zombies (Ossuary)
  6 kobold zombies (Ossuary)
  A leopard gecko skeleton (D:4)
  7 orc zombies (Ossuary)
  2 quokka zombies
  3 rats
  A bush (D:11)
  5 plants (Lair:2)
741 creatures vanquished.

Vanquished Creatures (collateral kills)
  An orc warlord (Orc:2)
  A polar bear (Lair:6)
  2 yaks (Lair:6)
  An orc warrior (Orc:1)
  An ogre (Orc:1)
  An orc priest (Orc:1)
7 creatures vanquished.

Vanquished Creatures (others)
  A cyclops (D:11)
  A torpor snail (Lair:5)
  2 orcs
  30 bushes
  20 fungi
  34 plants
88 creatures vanquished.

Grand Total: 836 creatures vanquished

Notes
Turn   | Place    | Note
-------+----------+-------------------------------------------
     0 | D:1      | MenacingMecha the Merfolk Gladiator began the quest for the Orb.
     0 | D:1      | Reached XP level 1. HP: 16/16 MP: 1/1
   300 | D:1      | Reached skill level 5 in Polearms
   347 | D:1      | Reached XP level 2. HP: 21/22 MP: 2/2
   661 | D:1      | You fall through a shaft!
   844 | D:2      | Reached skill level 6 in Polearms
   844 | D:2      | Reached XP level 3. HP: 26/27 MP: 3/3
  1434 | D:2      | Reached XP level 4. HP: 33/33 MP: 4/4
  2046 | D:3      | Reached skill level 7 in Polearms
  2120 | D:3      | Reached skill level 8 in Polearms
  2120 | D:3      | Reached XP level 5. HP: 11/38 MP: 5/5
  2939 | D:3      | Found a faded altar of an unknown god.
  3112 | D:4      | Noticed Pikel
  3112 | D:4      | Noticed a slave
  3112 | D:4      | Noticed a slave
  3114 | D:4      | Noticed a slave
  3540 | D:4      | Reached skill level 9 in Polearms
  3584 | D:4      | Reached XP level 6. HP: 39/44 MP: 6/6
  3631 | D:4      | Noticed a slave
  3653 | D:5      | Entered Level 5 of the Dungeon
  3669 | D:5      | Killed a slave
  4000 | D:5      | Found a stormy altar of Qazlal.
  4020 | D:5      | Found a blossoming altar of Fedhas.
  4079 | D:5      | Reached skill level 10 in Polearms
  4280 | D:5      | Reached XP level 7. HP: 50/50 MP: 7/7
  4297 | D:5      | Reached skill level 11 in Polearms
  4796 | D:6      | Found a sand-covered staircase.
  4806 | Ossuary  | Entered an ossuary
  5130 | Ossuary  | Reached skill level 12 in Polearms
  5217 | Ossuary  | Reached skill level 1 in Stealth
  5374 | D:6      | Found a glowing silver altar of Zin.
  5545 | D:6      | Found a sparkling altar of Nemelex Xobeh.
  5634 | D:6      | Learned a level 2 spell: Blink
  5637 | D:6      | Learned a level 2 spell: Repel Missiles
  5639 | D:6      | Learned a level 1 spell: Confusing Touch
  5668 | D:6      | Found an opulent altar of Gozag.
  5737 | D:6      | Reached skill level 5 in Dodging
  5737 | D:6      | Reached XP level 8. HP: 39/56 MP: 8/8
  6161 | D:6      | Found a glowing golden altar of the Shining One.
  6235 | D:6      | Found a runed door.
  6239 | D:6      | Noticed Crazy Yiuf
  6250 | D:6      | Killed Crazy Yiuf
  6458 | D:7      | Noticed a hippogriff
  6467 | D:7      | Killed a hippogriff
  6589 | D:7      | Reached skill level 1 in Armour
  6640 | D:7      | Noticed Menkaure
  6656 | D:7      | Killed Menkaure
  6913 | D:7      | Found a staircase to the Ecumenical Temple.
  6960 | Temple   | Entered the Ecumenical Temple
  7026 | Temple   | Became a worshipper of Warmaster Okawaru
  7169 | D:7      | Reached skill level 5 in Fighting
  7169 | D:7      | Reached XP level 9. HP: 68/68 MP: 9/9
  7229 | D:7      | Reached skill level 1 in Charms
  7278 | D:7      | Reached skill level 1 in Air Magic
  7783 | D:8      | Reached * piety under Okawaru
  7807 | D:8      | Noticed Joseph
  8167 | D:9      | Found a hide-covered altar of Uskayaw.
  8485 | D:9      | Reached skill level 5 in Charms
  8522 | D:9      | Found a shadowy altar of Dithmenos.
  8522 | D:9      | Found a blossoming altar of Fedhas.
  8528 | D:9      | Reached skill level 1 in Spellcasting
  8688 | D:9      | Reached ** piety under Okawaru
  8723 | D:9      | Noticed a komodo dragon
  9236 | D:9      | Reached XP level 10. HP: 74/74 MP: 14/14
  9543 | D:9      | Reached skill level 10 in Dodging
  9617 | D:9      | Found a staircase to the Lair.
  9745 | D:9      | Reached *** piety under Okawaru
 10133 | Lair:1   | Entered Level 1 of the Lair of Beasts
 10797 | Lair:1   | Noticed a spiny frog
 11258 | Lair:1   | Noticed an eight-headed hydra
 11873 | Lair:1   | Noticed a seven-headed hydra
 11931 | D:9      | Identified 2 scrolls of acquirement
 11953 | D:9      | Gained mutation: You are resistant to electric shocks. (rElec) [potion of mutation]
 12281 | D:4      | Killed Pikel
 12468 | D:8      | Reached **** piety under Okawaru
 12468 | D:8      | Reached XP level 11. HP: 84/84 MP: 15/15
 12662 | D:8      | Killed Joseph
 12662 | D:8      | Reached skill level 13 in Polearms
 12728 | D:10     | Entered Level 10 of the Dungeon
 12914 | D:10     | Noticed Fannar
 12976 | D:10     | Killed Fannar
 12976 | D:10     | Reached skill level 14 in Polearms
 13285 | D:10     | Noticed a hill giant
 13312 | D:10     | Killed a hill giant
 13389 | D:10     | Noticed Nergalle
 13410 | D:10     | Found a staircase to the Orcish Mines.
 13464 | D:10     | Killed Nergalle
 13464 | D:10     | Reached ***** piety under Okawaru
 13464 | D:10     | Received a gift from Okawaru
 13622 | D:10     | Reached skill level 15 in Polearms
 13870 | D:10     | Noticed Maurice
 13959 | D:10     | Paralysed by a hornet for 2 turns
 14222 | D:10     | Noticed a hill giant
 14231 | D:10     | Killed a hill giant
 14231 | D:10     | Received a gift from Okawaru
 14350 | D:10     | Killed Maurice
 14350 | D:10     | Reached skill level 16 in Polearms
 14436 | Orc:1    | Entered Level 1 of the Orcish Mines
 14436 | Orc:1    | Noticed an orc warlord
 14459 | D:10     | Received a gift from Okawaru
 14730 | D:11     | Noticed a cyclops
 14736 | D:11     | Killed a cyclops
 14793 | D:11     | Reached skill level 17 in Polearms
 14834 | D:11     | Noticed a death knight
 14834 | D:11     | Noticed a four-headed hydra
 14881 | D:10     | Killed an unseen horror
 14881 | D:10     | Reached XP level 12. HP: 64/91 MP: 16/16
 15739 | D:11     | Reached skill level 18 in Polearms
 15986 | D:11     | Noticed an orc warlord
 16126 | Orc:2    | Entered Level 2 of the Orcish Mines
 16148 | Orc:1    | Reached skill level 19 in Polearms
 16384 | Orc:2    | Noticed MenacingMecha's ghost (journeyman HaBe)
 16430 | D:10     | Reached skill level 1 in Invocations
 16511 | Lair:1   | Killed a seven-headed hydra
 16807 | Lair:2   | Found a hole to the Spider Nest.
 17062 | Lair:2   | Reached skill level 5 in Invocations
 17542 | Lair:2   | Received a gift from Okawaru
 17543 | Lair:2   | Got a pitted helmet {god gift}
 17554 | Lair:2   | Identified the -4 helmet of Circular Logic {rN+} (Okawaru gifted it to you on level 2 of the Lair of Beasts)
 18189 | Lair:3   | Got a pitted scale mail
 18249 | Lair:3   | Identified the +2 scale mail "Nuorei" {SInv} (You found it on level 3 of the Lair of Beasts)
 18455 | Lair:3   | Reached XP level 13. HP: 77/96 MP: 18/18
 19575 | Lair:4   | Found a labyrinth entrance.
 19584 | Lair:4   | Reached skill level 20 in Polearms
 19605 | Lab      | Entered a labyrinth
 19801 | Lab      | Noticed a minotaur
 19812 | Lab      | Killed a minotaur
 19815 | Lab      | Got a shimmering hand axe {holy}
 20499 | Lair:2   | Gained mutation: You expend magic power (3 MP) to strengthen your wands. [mutagenic glow]
 20859 | Lair:4   | Reached skill level 1 in Evocations
 21738 | Lair:4   | Found a staircase to the Swamp.
 22349 | Lair:5   | Reached skill level 1 in Translocations
 22562 | Lair:4   | Received a gift from Okawaru
 22828 | Lair:5   | Received a gift from Okawaru
 22964 | Lair:5   | Noticed Nessos
 22988 | Lair:5   | Killed Nessos
 23401 | Lair:5   | Found a viscous altar of Jiyva.
 23401 | Lair:5   | Found a staircase to the Slime Pits.
 23496 | Lair:5   | Reached skill level 5 in Translocations
 24129 | Lair:6   | Entered Level 6 of the Lair of Beasts
 24604 | Lair:6   | Reached skill level 5 in Stealth
 24604 | Lair:6   | Reached XP level 14. HP: 72/105 MP: 19/19
 25259 | Lair:6   | Found a radiant altar of Vehumet.
 25272 | Lair:6   | Received a gift from Okawaru
 26020 | Lair:6   | Found a burning altar of Makhleb.
 26186 | Lair:6   | Reached ****** piety under Okawaru
 26314 | Lair:6   | Found a gateway to Hell.
 26322 | Lair:6   | Identified Sif Muna's Grimoire of the Flying Compass
 26552 | Lair:6   | Reached skill level 10 in Fighting
 27596 | Orc:2    | Found a roughly hewn altar of Beogh.
 27718 | Orc:2    | Reached skill level 5 in Evocations
 27831 | Orc:2    | Killed MenacingMecha's ghost
 27831 | Orc:2    | Received a gift from Okawaru
 28180 | Orc:2    | Found a roughly hewn altar of Beogh.
 28199 | Orc:2    | Found Qarumnec's Distillery.
 28299 | Orc:2    | Found a roughly hewn altar of Beogh.
 28451 | Orc:2    | Found a roughly hewn altar of Beogh.
 28598 | Orc:2    | Received a gift from Okawaru
 28600 | Orc:2    | Got an encrusted plate armour {god gift}
 28601 | Orc:2    | Noticed an orc warlord
 28620 | Orc:2    | Killed an orc warlord
 28710 | Orc:2    | Found Gownoehasa's Antique Weapon Shoppe.
 28718 | Orc:2    | Found a roughly hewn altar of Beogh.
 28724 | Orc:2    | Found Uxewot's Antique Armour Emporium.
 28894 | Orc:2    | Found a roughly hewn altar of Beogh.
 28943 | Orc:2    | Found a roughly hewn altar of Beogh.
 29005 | Orc:2    | Found a radiant altar of Vehumet.
 29030 | Orc:2    | Reached XP level 15. HP: 115/115 MP: 20/20
 29040 | Orc:2    | Noticed an orc warlord
 29296 | Orc:1    | Reached skill level 5 in Throwing
 29515 | Orc:1    | Noticed an orc warlord
 29515 | Orc:1    | Got a brightly glowing scimitar
 29528 | Orc:1    | Killed an orc warlord
 29774 | Orc:2    | Found a staircase to the Elven Halls.
 29840 | Orc:2    | Killed an orc warlord
 29972 | Orc:2    | Found a roughly hewn altar of Beogh.
 29973 | Orc:2    | Found Womab's Distillery.
 30590 | D:10     | Killed an orc warlord
 31145 | D:11     | Killed an orc warlord
 31145 | D:11     | Received a gift from Okawaru
 33115 | D:12     | Paralysed by an orc sorcerer for 7 turns
 33121 | D:12     | HP: 1/120 [orc sorcerer/bolt of fire[an orc knight] (13)]
 33121 | D:12     | Mangled by an orc knight

Skill      XL: |  1  2  3  4  5  6  7  8  9 10 11 12 13 14 15 |
---------------+----------------------------------------------+-----
Polearms       | 5 6 8 9 10 12 17 19 20 | 20.0
Stealth        | 2 5 6 |  6.2
Dodging        | 5 7 8 10 12 13 | 13.0
Armour         | 2 3 |  3.0
Fighting       | 5 7 8 10 11 | 11.8
Charms         | 5 7 |  7.4
Air Magic      | 2 |  2.7
Spellcasting   | 3 |  3.0
Throwing       | 4 7 |  7.0
Invocations    | 7 |  7.5
Evocations     | 4 7 8 |  8.0
Translocations | 6 |  6.0

Action                   |  1- 3 |  4- 6 |  7- 9 | 10-12 | 13-15 || total
-------------------------+-------+-------+-------+-------+-------++-------
Melee: Trident           |   100 |   188 |    36 |    12 |    99 ||   435
       Spear             |       |       |   717 |   389 |       ||  1106
       Tailslap          |       |       |     5 |     4 |     1 ||    10
       Glaive            |       |       |       |   486 |  1124 ||  1610
 Fire: Blowgun           |       |     4 |    25 |    58 |     1 ||    88
Throw: Throwing net      |     1 |     2 |     1 |       |       ||     4
       Stone             |     5 |    28 |    37 |    45 |   106 ||   221
       Javelin           |       |       |       |       |    18 ||    18
       Tomahawk          |       |       |       |       |    37 ||    37
 Cast: Repel Missiles    |       |       |       |     2 |     1 ||     3
       Blink             |       |       |       |       |     2 ||     2
Invok: Heroism           |       |       |     1 |     4 |     4 ||     9
       Finesse           |       |       |       |     1 |     2 ||     3
Evoke: Wand              |       |       |       |     1 |     3 ||     4
       Sack of spiders   |       |       |       |       |     1 ||     1
       Box of beasts     |       |       |       |       |     1 ||     1
  Use: Potion            |     1 |       |       |    12 |     5 ||    18
       Scroll            |       |       |     1 |    26 |    10 ||    37
 Stab: Sleeping          |       |       |     3 |     1 |     3 ||     7
       Held in net/web   |       |       |     1 |       |       ||     1
       Distracted        |       |       |       |       |     3 ||     3
  Eat: Chunk             |     2 |     7 |    15 |    29 |    42 ||    95
       Beef jerky        |       |     1 |     1 |     2 |     1 ||     5
       Fruit             |       |       |       |     1 |       ||     1
       Pizza             |       |       |       |     1 |       ||     1
       Bread ration      |       |       |       |       |     1 ||     1
Armor: Leather armour    |    34 |     1 |       |       |       ||    35
       Ring mail         |       |    47 |   120 |   100 |       ||   267
       Scale mail        |       |       |       |    84 |   261 ||   345
Dodge: Dodged            |    75 |    83 |   226 |   406 |   529 ||  1319
       Deflected         |       |       |       |     2 |    12 ||    14
Block: Other             |       |       |       |   159 |   227 ||   386
       Reflection        |       |       |       |     7 |     9 ||    16
